[Event "*** Titled Tuesday Blitz"]
[Site "Chess.com"]
[Date "2020.05.12"]
[Round "5"]
[White "YaWaleriy"]
[Black "Ariadna_Atreides"]
[Result "1-0"]
[WhiteElo "2225"]
[BlackElo "2069"]
[TimeControl "180+1"]
[EndTime "10:55:06 PDT"]
[Termination "YaWaleriy won on time"]

1. d4 e6 2. Nf3 Nf6 3. c4 Bb4+ 4. Nbd2 O-O 5. e3 b6 6. Bd3 Bb7 7. O-O d5 8. b3 Nbd7 9. Bb2 Ne4 10. Rc1 f5 11. Qc2 Rc8 12. Nb1 Be7 13. Qe2 c5 14. cxd5 exd5 15. Rfd1 Qe8 16. Ba6 Bxa6 17. Qxa6 cxd4 18.
Nxd4 Nec5 19. Qe2 Nf6 20. Nxf5 Qd7 21. Bxf6 Bxf6 22. Nd4 Qf7 23. Nc3 Rcd8 24. f3 a6 25.
b4 Ne6 26. Qxa6 Nxd4 27. exd4 Ra8 28. Qb5 Rab8 29. Qxd5 Rfd8 30. Qxf7+ Kxf7 31. d5 Ra8 32. Rd2 Ra3 33. Ne4 Be5 34. d6 Bf4 35. Rc7+ Kf8 36. Rdc2 Be3+ 37. Kf1 Rda8 38. Rc8+ Kf7 39. d7 1-0

[Event "*** Titled Tuesday Blitz"]
[Site "Chess.com"]
[Date "2020.05.12"]
[Round "5"]
[White "GodDMuhammad"]
[Black "GjakanTati"]
[Result "0-1"]
[WhiteElo "2287"]
[BlackElo "2642"]
[TimeControl "180+1"]
[EndTime "10:55:07 PDT"]
[Termination "GjakanTati won by checkmate"]

1. f4 d5 2. Nf3 c5 3. g3 Nc6 4. Bg2 Nf6 5. d3 g6 6. c3 Bg7 7. Qc2 O-O 8. e4 dxe4 9. dxe4 e5 10. f5 gxf5 11. exf5 e4 12. Nh4 Ne5 13. O-O Qd3 14. Qf2 b6 15. h3 Ba6 16. Re1 Qd5 17. Na3 Nd3 18. Qe3 Nxe1 19. Qxe1 Qd3 20. Be3 Rad8 21. Qf2 Nd5 22. Re1 Nxe3 23. Rxe3 Qd1+ 24. Re1 Qd2 25. Bxe4 Qxf2+ 26. Kxf2 Rd2+ 27. Kf3 Rxb2 28. Nc2 Bxc3 29. Rg1 Re8 30. Ne3 Be2+ 31. Kf4 Be5+ 32. Kg5 f6+ 33. Kh6 Bd6 34. Bd5+ Kh8 35. Ng4 Bf8+ 36.
Kh5 Rd8 37. Be6 Re8 38. Re1 Re7 39. Rc1 Rg7 40. Rc3 Rg5# 0-1

[Event "*** Titled Tuesday Blitz"]
[Site "Chess.com"]
[Date "2020.05.12"]
[Round "5"]
[White "PlayChessSimple"]
[Black "CarlosAlbornoz"]
[Result "1-0"]
[WhiteElo "2504"]
[BlackElo "2689"]
[TimeControl "180+1"]
[EndTime "10:55:08 PDT"]
[Termination "PlayChessSimple won by resignation"]

1. e4 c5 2. Nf3 d6 3. d4 cxd4 4. Nxd4 Nf6 5. Nc3 a6 6. g3 e6 7.
Bg2 Be7 8. O-O O-O 9. f4 Qc7 10. g4 Nc6 11. g5 Nd7 12. Be3 Nxd4 13. Qxd4 b5 14. f5 Re8 15. f6 Bf8 16. Rad1 g6 17. h4 Bb7 18. h5 Ne5 19. hxg6 hxg6 20. Bf4 Ng4 21. Bxd6 Bxd6 22. Qxd6 Qxd6 23. Rxd6 Ne3 24. Rf3 Nxg2 25. Kxg2 b4 26. Rb6 bxc3 27. Rxb7 cxb2 28. Rxb2 Rec8 29. Kg3 Rc5 30. Kf4 Rac8 31. c3 e5+ 32. Kg4 Rxc3 33. Rxc3 Rxc3 34. Rb8+ Kh7 35. Rf8 Rc7 36. Re8 Rc2 37. Rxe5 Rxa2 38. Re7 Rg2+ 39. Kf4 Kg8 40. Re8+ Kh7 41. Rf8 Rf2+ 42. Ke5 Rxf6 43. Kxf6 1-0

[Event "*** Titled Tuesday Blitz"]
[Site "Chess.com"]
[Date "2020.05.12"]
[Round "5"]
[White "Caterpiller35"]
[Black "MiroVlasenko"]
[Result "0-1"]
[WhiteElo "2365"]
[BlackElo "2612"]
[TimeControl "180+1"]
[EndTime "10:55:08 PDT"]
[Termination "MiroVlasenko won by resignation"]

1. d4 f5 2. Nc3 Nf6 3. Bg5 e6 4.
e4 fxe4 5. Nxe4 Be7 6. Bxf6 Bxf6 7. Nf3 O-O 8. Bd3 Nc6 9. c3 d5 10. Nxf6+ Qxf6 11. Qe2 Bd7 12. O-O Be8 13. Rfe1 Bh5 14.
Qxe6+ Qxe6 15. Rxe6 Bxf3 16. gxf3 Rxf3 17. Bc2 Raf8 18.
Rf1 Na5 19. Bb3 c6 20. Kg2 Rd3 21. Rfe1 Rd2 22. R1e2 Rxe2 23. Rxe2 Kf7 24. Bc2 Nc4 25. b3 Nd6 26. Bd3 g6 27. c4 Re8 28. Rxe8 Kxe8 29.
Kf3 Ke7 30. Kf4 Kf6 31. h4 Ne8 32. f3 Nc7 33. Ke3 h6 34. a3 g5 35. hxg5+ Kxg5 36. f4+ Kg4 37. f5 Kg5 38. Kf3 Ne8 39. c5 Ng7 40. f6 Kxf6 41. Kg4 Ne6 0-1

[Event "*** Titled Tuesday Blitz"]
[Site "Chess.com"]
[Date "2020.05.12"]
[Round "5"]
[White "I_Hit_18K_on_BS"]
[Black "dbrankovic68"]
[Result "0-1"]
[WhiteElo "2219"]
[BlackElo "2401"]
[TimeControl "180+1"]
[EndTime "10:55:08 PDT"]
[Termination "dbrankovic68 won on time"]

1. e4 c5 2. Nf3 Nc6 3. d4 cxd4 4.
Nxd4 Nf6 5. Nc3 g6 6. Be3 Bg7 7. f3 O-O 8. Nxc6 bxc6 9. Qd2 d5 10. O-O-O Rb8 11. exd5 Nxd5 12. Bd4 e5 13. Bc5 Be6 14. Ne4 f5 15. Bxf8 Qxf8 16. Ng5 e4 17. c3 Bxc3 18. Qc2 Bxb2+ 19. Qxb2 Rxb2 20. Kxb2 Qf6+ 21. Kb1 Qxg5 22. Bc4 exf3 23. gxf3 Qf4 24. Bxd5 Bxd5 25. Rhe1 Kf7 26.
Re2 Qxf3 0-1

[Event "*** Titled Tuesday Blitz"]
[Site "Chess.com"]
[Date "2020.05.12"]
[Round "5"]
[White "peixe64"]
[Black "Masterbeaterr"]
[Result "0-1"]
[WhiteElo "2168"]
[BlackElo "2337"]
[TimeControl "180+1"]
[EndTime "10:55:11 PDT"]
[Termination "Masterbeaterr won by resignation"]

1. d4 d5 2. c4 dxc4 3. e3 Be6 4.
Nf3 c6 5. Ng5 Qa5+ 6. Nc3 Qxg5 7. e4 Qa5 8. d5 cxd5 9. exd5 Bd7 10. Bxc4 b5 11. Bb3 b4 12. Ne4 Nf6 13. Nxf6+ exf6 14. O-O Bd6 15. Re1+ Kd8 16. Bd2 Na6 17. a3 Nc7 18. axb4 Qb6 19. Re4 Re8 20. Be3 Qb7 21.
Rxe8+ Bxe8 22. Bc5 Nb5 23. Ra5 a6 24. Qd2 Qc7 25.
Qe3 Bxc5 26. Qxc5 Qxc5 27. bxc5 Kc7 28. Bc4 Bd7 29. d6+ Kb7 30. Bxf7 Rc8 31. b4 Nd4 32. Bd5+ Bc6 33. Bc4 Bb5 34. Bd5+ Nc6 35. Ra1 Re8 36. Rd1 Kc8 37. d7+ Kxd7 38. Bf7+ Ke7 39. Bxe8 Kxe8 40. f3 Nxb4 41. Rd6 Nc6 42. Kf2 a5 43. Ke3 a4 44.
Rd2 Ne5 45. Kd4 Nc4 46. Ra2 Kd7 47. Kc3 Kc6 48. Kb4 Ne5 49. Rb2 Nd3+ 50. Kc3 Nxb2 51. Kxb2 Kxc5 0-1

[Event "*** Titled Tuesday Blitz"]
[Site "Chess.com"]
[Date "2020.05.12"]
[Round "5"]
[White "pollo2016"]
[Black "Baby_Legs"]
[Result "0-1"]
[WhiteElo "2557"]
[BlackElo "2723"]
[TimeControl "180+1"]
[EndTime "10:55:12 PDT"]
[Termination "Baby_Legs won by resignation"]

1. d4 d5 2. c4 e6 3. Nc3 Bb4 4. cxd5 exd5 5. Bf4 c6 6. e3 Bf5 7. Qb3 Qb6 8. a3 Be7 9. Qa2 Nf6 10. Nf3 Nbd7 11.
h3 O-O 12. Be2 Rfe8 13. O-O h6 14. b4 Ne4 15. Na4 Qd8 16. Rac1 Bd6 17. Bxd6 Nxd6 18. Nc5 a6 19. a4 Nxc5 20. dxc5 Ne4 21. Qb2 Qd7 22.
Rfd1 Re6 23. Bf1 Rf6 24. Nd4 Re8 25. f3 Ng3 26. Re1 Rg6 27. Kh2 Qc7 28. f4 Be4 29. Qf2 Nxf1+ 30. Rxf1 Rxg2+ 31. Qxg2 Bxg2 32. Kxg2 Rxe3 33. Rce1 Qe7 34. Nf5 Qe4+ 0-1

[Event "*** Titled Tuesday Blitz"]
[Site "Chess.com"]
[Date "2020.05.12"]
[Round "5"]
[White "kirillshevchenko"]
[Black "ristingho"]
[Result "1-0"]
[WhiteElo "2818"]
[BlackElo "2513"]
[TimeControl "180+1"]
[EndTime "10:55:12 PDT"]
[Termination "kirillshevchenko won on time"]

1. e4 c5 2. Nf3 d6 3. d4 cxd4 4. Nxd4 Nf6 5. Nc3 Nc6 6. Bg5 e6 7. Qd3 Be7 8. O-O-O Nxd4 9. Qxd4 O-O 10. f4 h6 11. Bh4 Qa5 12. e5 dxe5 13. fxe5 Rd8 14. Qf4 Rxd1+ 15. Kxd1 Nd5 16. Nxd5 Qxd5+ 17. Bd3 g5 18.
Qg4 Qxe5 19. Bf2 Qxb2 20. Rf1 Qa1+ 21. Ke2 Qe5+ 22. Kd1 Qa1+ 23. Kd2 Qxa2 24. Bd4 Qa5+ 25. Kd1 e5 26. Qh5 Bg4+ 27. Qxg4 exd4 28. Qe4 Bb4 29.
Qh7+ 1-0

[Event "*** Titled Tuesday Blitz"]
[Site "Chess.com"]
[Date "2020.05.12"]
[Round "5"]
[White "Malysch"]
[Black "Chuchofrio1"]
[Result "1-0"]
[WhiteElo "2427"]
[BlackElo "2236"]
[TimeControl "180+1"]
[EndTime "10:55:12 PDT"]
[Termination "Malysch won by resignation"]

1. d4 f5 2. c4 Nf6 3. g3 d6 4. Bg2 e6 5. Nf3 Be7 6. O-O O-O 7. b3 Nc6 8. Bb2 Qe8 9. Nc3 Bd8 10. d5 Nb8 11. dxe6 Bxe6 12. Nd4 Bc8 13. Qc2 Qh5 14.
e3 c6 15. Rad1 Na6 16. Nce2 Bc7 17. Nf4 Qf7 18. Nxf5 Nb4 19. Qd2 Bxf5 20. Qxb4 Rab8 21. h3 Be4 22. Bxf6 Bxg2 23. Bxg7 Bxf1 24. Bxf8 Rxf8 25. Rxf1 b6 26. Qa4 Qf5 27. Qxc6 Rf7 28. Qd5 Qd7 29. Qe6 Qd8 30. Nd5 Bb8 31. Rd1 Kg7 32. Nf4 Kf8 33.
Qh6+ Kg8 34. Rd5 Rg7 35. Qxg7+ Kxg7 36. Ne6+ 1-0

[Event "*** Titled Tuesday Blitz"]
[Site "Chess.com"]
[Date "2020.05.12"]
[Round "5"]
[White "Kaliopa"]
[Black "WhiteCapital80"]
[Result "0-1"]
[WhiteElo "2104"]
[BlackElo "2453"]
[TimeControl "180+1"]
[EndTime "10:55:13 PDT"]
[Termination "WhiteCapital80 won by checkmate"]

1. e4 e6 2. d4 d5 3. Nd2 Nf6 4. e5 Nfd7 5. Bd3 c5 6. c3 Nc6 7. Ngf3 f6 8. exf6 Nxf6 9. O-O Bd6 10. dxc5 Bxc5 11. Nb3 Bd6 12. Bg5 O-O 13. Bh4 Qc7 14. Bg3 e5 15. Bc2 Bg4 16. Qd2 Bxf3 17. gxf3 Qd7 18. Kg2 Qf7 19. Rad1 Rad8 20. Bf5 g6 21. Bb1 Bb8 22. a3 Nh5 23. Ba2 Qxf3+ 24. Kg1 Nf4 25.
Bxf4 Rxf4 26. h3 Qxh3 27. f3 e4 28. Qg2 Qh6 29. fxe4 Rdf8 30. exd5 Ne5 31. Nd4 Ng4 32. d6+ Kh8 33. Ne6 Rxf1+ 34. Rxf1 Qe3+ 35. Kh1 Nf2+ 36.
Rxf2 Rxf2 37. d7 Qe1+ 38. Qg1 Rh2# 0-1

[Event "*** Titled Tuesday Blitz"]
[Site "Chess.com"]
[Date "2020.05.12"]
[Round "5"]
[White "chessplayer9919"]
[Black "vladimir_petrov"]
[Result "1-0"]
[WhiteElo "2486"]
[BlackElo "2308"]
[TimeControl "180+1"]
[EndTime "10:55:14 PDT"]
[Termination "chessplayer9919 won by resignation"]

1. d4 Nf6 2. c4 e6 3. Nf3 b6 4. g3 Ba6 5. Qc2 c5 6. Bg2 Bb7 7. d5 exd5 8. cxd5 Nxd5 9. O-O Be7 10. Rd1 Nc6 11. Qa4 Nf6 12. Nh4 g6 13. Bh6 Nh5 14. Nc3 Bg5 15. Bxg5 Qxg5 16. Ne4 Qe5 17. Nd6+ Kf8 18.
Nxb7 Nd4 19. e3 Ne2+ 20. Kf1 Re8 21. Nd6 Re6 22. Nc4 Nexg3+ 23. hxg3 Nxg3+ 24. fxg3 Qxg3 25. Nf3 Kg7 26. Qc2 Rf6 27. Qf2 Qg4 28. Nce5 Qe4 29. Rxd7 Re8 30. Kg1 Rxe5 31. Nxe5 Qxe5 32. Qd2 h5 33.
Rf1 Rxf1+ 34. Kxf1 Qf5+ 35. Kg1 h4 36. Qc3+ Kh6 37. Qh8+ Kg5 38. Rd5 Kg4 39. Rxf5 Kxf5 1-0

[Event "*** Titled Tuesday Blitz"]
[Site "Chess.com"]
[Date "2020.05.12"]
[Round "5"]
[White "anon102030"]
[Black "MilanovicDan"]
[Result "1-0"]
[WhiteElo "2742"]
[BlackElo "2568"]
[TimeControl "180+1"]
[EndTime "10:55:16 PDT"]
[Termination "anon102030 won on time"]

1. e4 d5 2. exd5 Qxd5 3. Nc3 Qd6 4. g3 c6 5. Bg2 Bf5 6. Nge2 e6 7. d4 Nf6 8. O-O Be7 9. Re1 O-O 10. h3 h6 11. Bf4 Qd8 12. g4 Bh7 13. Ng3 Nbd7 14. Nce4 Nd5 15. Bd2 b5 16. c3 Qc7 17. g5 hxg5 18.
Nxg5 Bg6 19. Be4 Bxe4 20. Rxe4 N7f6 21. Rh4 g6 22. Qf3 Kg7 23. Re1 Qd7 24. b3 Rh8 25. Rxh8 Rxh8 26. N3e4 Bd8 27. Nc5 Qd6 28. c4 bxc4 29.
bxc4 Nc7 30. Bc3 Rh5 31. Nge4 1-0

[Event "*** Titled Tuesday Blitz"]
[Site "Chess.com"]
[Date "2020.05.12"]
[Round "5"]
[White "Moon_stone123"]
[Black "GrafLermontov"]
[Result "1-0"]
[WhiteElo "2518"]
[BlackElo "2372"]
[TimeControl "180+1"]
[EndTime "10:55:17 PDT"]
[Termination "Moon_stone123 won on time"]

1. Nf3 c5 2. g3 Nc6 3. d4 cxd4 4. Nxd4 g6 5. Bg2 Bg7 6. Nb3 Nf6 7. O-O O-O 8. Nc3 d6 9. e4 a6 10. a4 Bg4 11. f3 Be6 12. Be3 Rc8 13. Qd2 Ne5 14. Nd4 Nc4 15. Qc1 Nxe3 16. Qxe3 Bc4 17. Rfd1 Nd7 18.
Rac1 Qb6 19. b3 e5 20. Nf5 gxf5 21. Qxb6 Nxb6 22. bxc4 Nxc4 23. Nd5 Kh8 24. Ne7 Bh6 25.
Nxf5 Bxc1 26. Rxc1 Rfd8 27. Rd1 b5 28. axb5 axb5 29.
Bh3 Rc7 30. Bf1 Kg8 31. Kf2 Kf8 32. h4 Nb2 33. Rd2 Nc4 34. Rd1 Na3 35. Bd3 Nc4 36. Rb1 Na3 37. Rb2 Nc4 38. Rxb5 Ra8 39. g4 Ra2 40.
Rb8+ 1-0

[Event "*** Titled Tuesday Blitz"]
[Site "Chess.com"]
[Date "2020.05.12"]
[Round "5"]
[White "Maksimus1998"]
[Black "silverback96"]
[Result "1-0"]
[WhiteElo "2466"]
[BlackElo "2237"]
[TimeControl "180+1"]
[EndTime "10:55:18 PDT"]
[Termination "Maksimus1998 won by resignation"]

1. c4 c5 2. Nf3 Nc6 3. d4 cxd4 4. Nxd4 Nf6 5. Nc3 e6 6. g3 Qb6 7. Ndb5 Ne5 8. Bf4 Nfg4 9. e3 a6 10. Qa4 Rb8 11. Be2 axb5 12. Nxb5 Qc6 13. O-O-O Nxc4 14.
Qxc4 Nxf2 15. Bxb8 Nxh1 16. Qxc6 bxc6 17. Nc7+ Kd8 18.
Rxh1 Bc5 19. Na6 Bxe3+ 20. Kc2 d5 21. Bf4 Bxf4 22. gxf4 Bxa6 23. Bxa6 Ke7 24. Bd3 g6 25. b4 f6 26. a4 e5 27. fxe5 fxe5 28. b5 e4 29.
Bxe4 dxe4 30. b6 Rb8 31. a5 Kd6 32. Rb1 e3 33. b7 e2 34. Kd2 Kc7 35. a6 Rd8+ 36.
Kxe2 Kb8 37. Rb6 Rg8 38. Rxc6 h5 39. h4 Re8+ 40. Kf3 Rf8+ 41. Ke4 Rg8 42. Rc8+ Rxc8 43.
bxc8=Q+ Kxc8 44. Kf4 Kb8 45. Kg5 Ka7 46. Kxg6 Kxa6 47.
Kxh5 Kb7 48. Kg6 Kc8 49. Kg7 Kd8 50. h5 Ke7 51. h6 1-0

[Event "*** Titled Tuesday Blitz"]
[Site "Chess.com"]
[Date "2020.05.12"]
[Round "5"]
[White "BrianEscalante"]
[Black "quesfr"]
[Result "1/2-1/2"]
[WhiteElo "2445"]
[BlackElo "2282"]
[TimeControl "180+1"]
[EndTime "10:55:18 PDT"]
[Termination "Game drawn by repetition"]

1. e4 e6 2. d4 d5 3. Nd2 c5 4.
Ngf3 cxd4 5. Nxd4 Nf6 6. exd5 Qxd5 7.
Nb5 Qd8 8. Qf3 a6 9. Nc3 Nc6 10. a3 Nd4 11. Qd1 Bd7 12. Bd3 Bc6 13. O-O Be7 14. Nde4 O-O 15. Be3 Nxe4 16. Bxe4 Bxe4 17. Nxe4 Nf5 18. Bf4 Rc8 19. Qxd8 Rfxd8 20. c3 Nd6 21. Bxd6 Bxd6 22. Rfd1 Be7 23. Kf1 f5 24. Nd2 Bf6 25. Nb3 b6 26. a4 Rb8 27. Rxd8+ Rxd8 28. Ke2 Kf7 29. a5 Rb8 30. Nd2 bxa5 31. Nc4 Bd8 32. Kd3 Ke7 33. Kc2 Rb5 34. f4 Bc7 35. g3 Rd5 36. Re1 Kf6 37. Ne3 Rb5 38. h4 g6 39. Rd1 Ke7 40. Re1 Kf6 41. Rd1 Ke7 42.
Re1 Kf6 1/2-1/2

[Event "*** Titled Tuesday Blitz"]
[Site "Chess.com"]
[Date "2020.05.12"]
[Round "5"]
[White "RitvarsReimanis"]
[Black "BabyBoss31"]
[Result "1-0"]
[WhiteElo "2491"]
[BlackElo "2313"]
[TimeControl "180+1"]
[EndTime "10:55:19 PDT"]
[Termination "RitvarsReimanis won by checkmate"]

1. d4 d5 2. c4 dxc4 3. Nf3 Nf6 4.
e3 e6 5. Bxc4 c5 6. Nc3 a6 7.
Bb3 b5 8. O-O Bb7 9. Qe2 Nbd7 10. Rd1 Qb8 11. d5 exd5 12. Nxd5 Nxd5 13. Bxd5 Bxd5 14.
Rxd5 Be7 15. e4 Qb7 16. Bf4 O-O 17. Rad1 Nf6 18. Re5 Rad8 19. Re1 Bd6 20. Rf5 Bxf4 21. Rxf4 Rfe8 22. e5 Nd5 23. Qe4 Qe7 24. Rh4 h6 25. g3 Qe6 26. a3 Ne7 27. Rh5 Ng6 28. Kg2 Rd5 29. h4 Ne7 30. g4 Qg6 31. Qf4 Nc6 32.
Rf5 Re6 33. h5 Qh7 34. Rxf7 Nd8 35. Rf8# 1-0

[Event "*** Titled Tuesday Blitz"]
[Site "Chess.com"]
[Date "2020.05.12"]
[Round "5"]
[White "Morshynska"]
[Black "TERMINATOR_PC"]
[Result "0-1"]
[WhiteElo "2177"]
[BlackElo "2459"]
[TimeControl "180+1"]
[EndTime "10:55:20 PDT"]
[Termination "TERMINATOR_PC won by resignation"]

1. e4 Nf6 2. e5 Nd5 3. d4 d6 4. Nf3 dxe5 5. Nxe5 c6 6. Bd3 Nd7 7. Nf3 g6 8. O-O Bg7 9. Re1 O-O 10. a3 N7f6 11. h3 b5 12. Ne5 Qc7 13. Qe2 a6 14. Nc3 Be6 15. Bd2 Rfd8 16. Rad1 c5 17. dxc5 Qxc5 18.
Ne4 Nxe4 19. Qxe4 Rac8 20. Qf3 Nf6 21. Ba5 Rd5 22. Bc3 Rcd8 23. g4 Bc8 24. Qe2 e6 25. Ba5 Re8 26. Bb4 Qc7 27. Bc3 Bb7 28. Qe3 Red8 29.
Be2 Rxd1 30. Rxd1 Rxd1+ 31. Bxd1 Nd5 32. Qa7 Nxc3 33. bxc3 Bxe5 34. c4 Bh2+ 35. Kf1 Bg2+ 36. Kxg2 Qxa7 0-1

[Event "*** Titled Tuesday Blitz"]
[Site "Chess.com"]
[Date "2020.05.12"]
[Round "5"]
[White "S2PAc"]
[Black "Oleksandr_Bortnyk"]
[Result "0-1"]
[WhiteElo "2777"]
[BlackElo "2986"]
[TimeControl "180+1"]
[EndTime "10:55:21 PDT"]
[Termination "Oleksandr_Bortnyk won by resignation"]

1. d4 d6 2. g3 Nf6 3. Bg2 g6 4. e4 Bg7 5. Nc3 O-O 6. Nge2 c5 7. dxc5 dxc5 8. Qxd8 Rxd8 9. Be3 Na6 10. h3 e5 11. a3 Be6 12. f4 Rab8 13. Nb5 Bc4 14. Nec3 Nh5 15. Kf2 exf4 16. gxf4 Bxb5 17. Nxb5 Bxb2 18.
Rad1 Bd4 19. Nxd4 cxd4 20. Bxd4 Rbc8 21. Kf3 Rxc2 22. Bxa7 Rc3+ 23. Be3 Re8 24. Rc1 Rxa3 25. Rhd1 Nb4 26. Bf1 Nc6 27. Rd3 Ra4 28. e5 g5 29.
Rb3 Nxf4 30. Rxb7 Nxe5+ 31. Kg3 Ra3 32. h4 0-1

[Event "*** Titled Tuesday Blitz"]
[Site "Chess.com"]
[Date "2020.05.12"]
[Round "5"]
[White "TheCount"]
[Black "Alexander_Zubov"]
[Result "0-1"]
[WhiteElo "2601"]
[BlackElo "2842"]
[TimeControl "180+1"]
[EndTime "10:55:21 PDT"]
[Termination "Alexander_Zubov won by resignation"]

1. d4 Nf6 2. c4 g6 3. Nc3 d5 4. cxd5 Nxd5 5. e4 Nxc3 6. bxc3 Bg7 7. Nf3 c5 8. Be3 Qa5 9. Qd2 O-O 10. Rb1 b6 11.
Rc1 Rd8 12. d5 e6 13. Bg5 Re8 14. Be2 Ba6 15. c4 Qxd2+ 16. Kxd2 Nd7 17. Bd3 h6 18. Bf4 Rad8 19. h4 f5 20. dxe6 fxe4 21. Bc7 Nf6 22.
Bxd8 Rxd8 23. Ne5 exd3 24. e7 Re8 25. Nxg6 Ne4+ 26. Ke3 d2 27. Rc2 Bb7 28. f3 Bd4+ 29. Kf4 Nf2 30. Rf1 d1=Q 31. Rxd1 Nxd1 32. Kf5 Kf7 0-1

[Event "*** Titled Tuesday Blitz"]
[Site "Chess.com"]
[Date "2020.05.12"]
[Round "5"]
[White "Konavets"]
[Black "FMJoseHerrera"]
[Result "0-1"]
[WhiteElo "2928"]
[BlackElo "2634"]
[TimeControl "180+1"]
[EndTime "10:55:22 PDT"]
[Termination "FMJoseHerrera won by checkmate"]

1. e4 c5 2. Nf3 e6 3. d4 cxd4 4. Bg5 Qc7 5. Nxd4 a6 6. Nc3 d6 7. Qf3 Nd7 8. O-O-O Ngf6 9. Qg3 Be7 10. f4 h6 11. Bh4 b5 12. Qxg7 Rg8 13. Qxh6 b4 14. Bxf6 Nxf6 15. Nce2 Nxe4 16. g3 Bf6 17. Qh7 Bb7 18. Nxe6 Qa5 19. Ng5 Rxg5 20. Kb1 Rd5 21. Qxe4+ Kf8 22. Rc1 Re8 23. Qf3 Rb5 24. Qd3 Bxh1 25.
Bh3 Bd5 26. b3 Rxe2 27. Qxe2 Qa3 28. c4 bxc3 29. Bd7 Ra5 30. Ba4 Rxa4 31. bxa4 Be4+ 32. Qxe4 Qb2# 0-1

[Event "*** Titled Tuesday Blitz"]
[Site "Chess.com"]
[Date "2020.05.12"]
[Round "5"]
[White "A-Fier"]
[Black "GMartin_Petrov"]
[Result "1-0"]
[WhiteElo "2769"]
[BlackElo "2582"]
[TimeControl "180+1"]
[EndTime "10:55:22 PDT"]
[Termination "A-Fier won on time"]

1. e4 c5 2. Nf3 d6 3. d4 cxd4 4. Nxd4 Nf6 5. Nc3 a6 6. Bg5 e6 7. f4 h6 8. Bh4 Qb6 9. Qd2 Qxb2 10. Rb1 Qa3 11. e5 dxe5 12. fxe5 Nfd7 13. Ne4 Qxa2 14.
Rd1 Qd5 15. Qe3 Qxe5 16. Be2 Bc5 17. Bg3 Bxd4 18. Rxd4 Qa5+ 19. Rd2 O-O 20. Bd6 f5 21. Bxf8 Nxf8 22. Nd6 Nbd7 23. O-O Qc5 24. Kf2 b5 25. g4 fxg4 26. Bxg4 Rb8 27. Qxc5 Nxc5 28. Ke3 Bd7 29. Kd4 Nb7 30. Nxb7 Rxb7 31. Bh5 Bc6 32. Rdf2 Nh7 33. Bf7+ Kh8 34. Bxe6 Re7 35. Bb3 Nf6 36. Rf4 Rd7+ 37.
Kc5 Bd5 38. Ra1 Bxb3 39. cxb3 Rd3 40. b4 Rc3+ 41. Kd6 Rh3 42. Ra2 Kh7 43. Kc6 Re3 44. Kb7 Nd5 45. Rd4 Nc3 46. Rxa6 Re7+ 47. Kb8 Re2 48. Rc6 Na4 49. h4 Nb2 50. Rc5 Re8+ 51. Kb7 Nc4 52. Rxb5 Ne5 53. Re4 Re7+ 54. Kc8 Re8+ 55.
Kc7 Re7+ 56. Kd6 1-0

[Event "*** Titled Tuesday Blitz"]
[Site "Chess.com"]
[Date "2020.05.12"]
[Round "5"]
[White "BigAl"]
[Black "salomez"]
[Result "1-0"]
[WhiteElo "2468"]
[BlackElo "2245"]
[TimeControl "180+1"]
[EndTime "10:55:22 PDT"]
[Termination "BigAl won on time"]

1. e4 c5 2. Nc3 Nc6 3. g3 g6 4. Bg2 Bg7 5. d3 e6 6. Be3 d6 7.
Qd2 h6 8. Nd1 Nge7 9. Ne2 g5 10.
O-O Ng6 11. h3 O-O 12. d4 cxd4 13. Nxd4 e5 14. Nb5 Be6 15. Nxd6 Qd7 16. Nf5 Bxf5 17. exf5 Qxf5 18. Nc3 Rad8 19. Qe2 Nf4 20. gxf4 exf4 21. Bc1 Nd4 22. Qg4 Qxc2 23. Be4 f5 24. Bxc2 fxg4 25. Bd1 gxh3 26. Kh2 f3 27. Kxh3 Rde8 28. Be3 Ne2 29.
Nxe2 fxe2 30. Bxe2 Bxb2 31. Rab1 Bd4 32. Bc4+ Kh7 33. Bxd4 Rf4 34. Bd3+ Kg8 35. Be3 Rh4+ 36. Kg3 Rf8 37. Rh1 Ra4 38. Rxh6 1-0

[Event "*** Titled Tuesday Blitz"]
[Site "Chess.com"]
[Date "2020.05.12"]
[Round "5"]
[White "AndrewMaco"]
[Black "Gabrielian_Artur"]
[Result "0-1"]
[WhiteElo "2555"]
[BlackElo "2716"]
[TimeControl "180+1"]
[EndTime "10:55:23 PDT"]
[Termination "Gabrielian_Artur won by resignation"]

1. e4 c5 2. Nf3 d6 3. d4 cxd4 4. Qxd4 Nc6 5. Qe3 g6 6. Be2 Bg7 7. O-O Nf6 8. c4 O-O 9. Nc3 Bg4 10. Rb1 Rc8 11. b3 a6 12. Bb2 Qa5 13. a3 Qc5 14. Qd2 Bxf3 15. Bxf3 Ne5 16. Be2 b5 17. cxb5 axb5 18. Rbc1 Qb6 19. Kh1 b4 20. axb4 Qxb4 21. f4 Ned7 22. Bc4 Nxe4 23. Nxe4 Qxd2 24. Nxd2 Bxb2 25. Rcd1 Bg7 26. Ne4 Nb6 27. Bd3 Nd5 28. Rde1 Nb4 29. Bc4 d5 0-1

[Event "*** Titled Tuesday Blitz"]
[Site "Chess.com"]
[Date "2020.05.12"]
[Round "5"]
[White "Papa12341234"]
[Black "levallem"]
[Result "1/2-1/2"]
[WhiteElo "2518"]
[BlackElo "2149"]
[TimeControl "180+1"]
[EndTime "10:55:23 PDT"]
[Termination "Game drawn by agreement"]

1. e4 c5 2. Nc3 g6 3. Nf3 Nc6 4. Bb5 Nd4 5. Ba4 Bg7 6. O-O a6 7. Nxd4 Bxd4 8. Bb3 e6 9. Ne2 Bg7 10. c3 Ne7 11. d4 cxd4 12. cxd4 d5 13. e5 O-O 14. Bg5 h6 15. Bf4 Bd7 16. Qd2 Kh7 17. Nc3 Rc8 18. Rfe1 Nf5 19. Rad1 b5 20. Bc2 b4 21. Ne2 Qb6 22. Bxf5 exf5 23. h4 a5 24. Rc1 Rxc1 25. Rxc1 Rc8 26. Rxc8 Bxc8 27. Qc1 Bd7 28. Be3 Qc6 29. Qxc6 Bxc6 30. Kf1 Bb5 31. Ke1 Bf8 32. Nf4 Bc6 33. Kd2 Be7 34. g3 g5 35. hxg5 hxg5 36. Nd3 Kg6 37. f4 g4 38. b3 Bb5 39. Nc5 Bxc5 40.
dxc5 Bc6 41. Bd4 Bd7 42. Kc2 Bb5 43. Kb2 Kh7 44. a3 Kg8 45. axb4 axb4 46. Be3 f6 47.
exf6 Kf7 48. Bd2 Kxf6 49. Bxb4 Ke6 50. Bc3 Kd7 51. Be5 Kc6 52. b4 Be2 53. Kc3 Bb5 54. Kd4 Be2 55. Bf6 Bd1 56. b5+ Kxb5 57. Kxd5 Bf3+ 58.
Kd6 Be4 59. Bd8 Bc6 60. Ke5 Be4 61. Bb6 Kc6 62. Ke6 Bb1 63. Kf6 Be4 64. Ba7 Bb1 65.
Ke5 Be4 66. Kd4 Bb1 67. Kc4 Be4 68. Kd4 Bb1 69. Bb8 Be4 70. Bd6 Bb1 71. Ke5 Be4 72. Kf6 Bb1 73. Kg5 Be4 74. Kf6 Bb1 75. Kf7 Be4 76. Ke6 Bb1 77. Ke5 Be4 78. Kd4 Bb1 1/2-1/2

[Event "*** Titled Tuesday Blitz"]
[Site "Chess.com"]
[Date "2020.05.12"]
[Round "5"]
[White "Boudicca64"]
[Black "Camels1981"]
[Result "1-0"]
[WhiteElo "2032"]
[BlackElo "2287"]
[TimeControl "180+1"]
[EndTime "10:55:24 PDT"]
[Termination "Boudicca64 won on time"]

1. d4 Nf6 2. c4 g6 3. Nc3 Bg7 4.
e4 O-O 5. Be2 d6 6. Nf3 e5 7. d5 Ne8 8. Bg5 f6 9. Bh4 Nd7 10. Nd2 a5 11. O-O b6 12. a3 Bb7 13.
b4 Bh6 14. Qc2 Ng7 15. Kh1 Qe8 16. Rab1 f5 17. f3 Nh5 18. Rfd1 Nf4 19. Bf1 Rf7 20. Bf2 Qe7 21. c5 axb4 22. axb4 Nf6 23. Nc4 fxe4 24. fxe4 bxc5 25. bxc5 Ba6 26. cxd6 cxd6 27. Nb6 Ng4 28. Bg1 Qh4 29. Nxa8 Nh5 30. Rb8+ 1-0

[Event "*** Titled Tuesday Blitz"]
[Site "Chess.com"]
[Date "2020.05.12"]
[Round "5"]
[White "Bulldog167"]
[Black "AlleyOoper"]
[Result "1-0"]
[WhiteElo "2837"]
[BlackElo "2596"]
[TimeControl "180+1"]
[EndTime "10:55:25 PDT"]
[Termination "Bulldog167 won by resignation"]

1. d4 Nf6 2. c4 c5 3. d5 b5 4.
cxb5 g6 5. Nc3 a6 6. bxa6 Bg7 7. e4 O-O 8. a7 Rxa7 9. Nf3 e6 10.
Be2 exd5 11. exd5 d6 12. O-O Na6 13. Nb5 Rd7 14. Bc4 Bb7 15. Bg5 Nc7 16. Nxc7 Qxc7 17. Rb1 Qa5 18. a4 Qa8 19. Bxf6 Bxf6 20. b3 Re7 21.
Qd3 Rfe8 22. Rfe1 Qa5 23. Rxe7 Rxe7 24. g3 Kg7 25. Qd2 Bc3 26. Qf4 Bc8 27. Qxd6 Re8 28. Bb5 Re4 29. Qxc5 Bf5 30. Rc1 Bb4 31. Qc7 Qa8 32.
Bd3 Re7 33. Qc4 Bxd3 34. Qxd3 Bd6 35. Rc6 Qb8 36. Kg2 h5 37. Qc3+ Kh7 38. Ng5+ Kh6 39. h4 Be5 40. Qd2 Kg7 41. d6 Rd7 42. Qd5 Bf6 43. Ne4 Bb2 44. Nc5 Rd8 45. Rc7 1-0